 Dungeon Crawl Stone Soup version 0.31.0-10-gcf4a605ca0 (webtiles) character file.

Game seed: 17425690501101394927

23 Aneyh the Slasher (level 2, -1/19 HPs)
             Began as a Tengu Monk on Jan 25, 2024.
             Slain by a frilled lizard (2 damage)
             ... on level 1 of the Dungeon.
             The game lasted 00:00:53 (274 turns).

Aneyh the Slasher (Tengu Monk)                       Turns: 274, Time: 00:00:55

Health: -1/19      AC:  2    Str: 11    XL:     2   Next: 95%
Magic:  3/3        EV: 13    Int: 10    God:
Gold:   12         SH:  0    Dex: 16    Spells: 1/1 levels left

rFire   . . .        a - +0 falchion
rCold   . . .        (no shield)
rNeg    . . .        b - +0 robe
rPois   .            (helmet restricted)
rElec   .            (no cloak)
rCorr   .            (no gloves)
SInv    .            (boots unavailable)
Will    .....        (no amulet)
Stlth   +            (no ring)
HPRegen 0.23/turn    (no ring)
MPRegen 0.08/turn

%: acrobat
@: no status effects
A: beak, talons 3, acrobatic
a: no special abilities


You were on level 1 of the Dungeon.
You visited 1 branch of the dungeon, and saw 2 of its levels.

You collected 12 gold pieces.

Inventory:

Hand Weapons
 a - a +0 falchion (weapon)
Armour
 b - a +0 robe (worn)
 d - an orb of light
Scrolls
 e - a scroll of identify {unknown}
Potions
 c - a potion of ambrosia


   Skills:
 - Level 3.0 Fighting
 + Level 4.4 Long Blades
 - Level 3.2 Dodging


You had one spell level left.
You didn't know any spells.
Your spell library was empty.

Dungeon Overview and Level Annotations

Branches:
Dungeon (2/15)

Altars:


Innate Abilities, Weirdness & Mutations

You have a beak for a mouth.
You have claws for feet.
You can magically evade attacks while moving or waiting.


Message History

The quokka misses you.
You hit the quokka but do no damage.
The quokka is lightly wounded.
The frilled lizard misses you. The quokka bites you.
* * * LOW HITPOINT WARNING * * *
Found an escape hatch in the floor.
The quokka attacks as it pursues you! The quokka closely misses you.
You closely miss the quokka. Your kick misses the quokka.
The quokka is lightly wounded.
The quokka bites you but does no damage.
An endoplasm comes into view.
The quokka misses you.
The endoplasm quivers.
You hit the quokka but do no damage. Your kick misses the quokka.
The quokka barely misses you.
You hit the quokka. You claw the quokka, but do no damage.
The quokka is almost dead.
The quokka closely misses you.
You hit the quokka but do no damage. You peck the quokka, but do no damage.
The quokka is almost dead.
The quokka bites you. The quokka closely misses you.
You closely miss the quokka. Your peck misses the quokka.
The quokka is almost dead.
The frilled lizard hisses.
The quokka misses you.
You hit the quokka.
You kill the quokka!
The frilled lizard completely misses you.
You barely miss the endoplasm. You claw the endoplasm.
The endoplasm is lightly wounded.
The endoplasm hits you.
* * * LOW HITPOINT WARNING * * *
The frilled lizard bites you but does no damage.
You hit the endoplasm.
The endoplasm is heavily wounded.
The endoplasm freezes you.
You are frozen.
* * * LOW HITPOINT WARNING * * *
The frilled lizard bites you.
You die...

#....###...÷..............
###.......8÷8.........###.
#.###..8.8.8.....##.# #.
#.####..8_8.......#.# #.
#.##...8.8.8......#.. ..
##.##.#..8.8.........##..
#....)............##....#
#....###l#####....####
#....# #@# ......r# #J#
###....# ..> #....##.#..
###..... ... #.#... .###
..... ## ..##


You could see an endoplasm and a frilled lizard.

Vanquished Creatures
  A dart slug (D:1)
  A ball python (D:1)
  3 bats (D:1)
  A giant cockroach (D:1)
  3 hobgoblins (D:1)
  3 kobolds (D:1)
  4 quokkas (D:1)
  2 frilled lizards (D:1)
  A goblin (D:1)
19 creatures vanquished.

Notes
Turn   | Place    | Note
-------+----------+-------------------------------------------
     0 | D:1      | Aneyh the Tengu Monk began the quest for the Orb.
     0 | D:1      | Reached XP level 1. HP: 14/14 MP: 2/2
    12 | D:1      | You fall into a shaft and drop 1 floor!
    42 | D:1      | Found a faded altar of an unknown god.
    54 | D:1      | Reached XP level 2. HP: 10/19 MP: 3/3
    59 | D:1      | Reached skill level 4 in Long Blades
   274 | D:1      | Slain by a frilled lizard

Illustrated notes

Levels and vault maps discovered:
D:1:      erik_arrival_triangle_medium, layout_rooms,
          chequers_ecumenical_altar_simple_redux
D:2:      layout_basic, st_stairs_7

Skill      XL: |  1  2 |
---------------+-------+-----
Long Blades    | 4 |  4.4
Fighting       | |  3.0
Dodging        | |  3.2

Action                     || total
---------------------------++-------
  Melee: Falchion          ||    45
         Kick              ||     9
         Peck              ||     4
 Armour: Robe              ||    24
  Dodge: Dodged            ||    41
